 Dungeon Crawl Stone Soup version 0.28.0-43-g3370ac3207 (webtiles) character file.

Game seed: 8409467688173217072

174 pkoi the Sneak (level 5, -5/26 HPs)
             Began as a Spriggan Enchanter on Mar 8, 2022.
             Slain by a water moccasin zombie (7 damage)
             ... on level 3 of the Dungeon.
             The game lasted 00:05:46 (4077 turns).

pkoi the Sneak (Spriggan Enchanter)                 Turns: 4077, Time: 00:05:47

Health: -5/26      AC:  5    Str:  4    XL:     5   Next: 28%
Magic:  6/10       EV: 17    Int: 18    God:
Gold:   125        SH:  0    Dex: 16    Spells: 5/10 levels left

rFire   . . .      SeeInvis +   a - +1 dagger
rCold   . . .      Faith    .   (no shield)
rNeg    . . .      Spirit   .   b - +1 robe
rPois   .          Reflect  .   (helmet restricted)
rElec   .          Harm     .   d - +1 cloak
rCorr   .          Rampage  .   (gloves unavailable)
Will    .....                   (boots unavailable)
Stlth   +++.......              (no amulet)
HPRegen 0.08/turn               (no ring)
MPRegen 0.12/turn               (no ring)

@: very quick
A: very small, no large weapons, unfitting armour, see invisible, speed 3
a: no special abilities


You were on level 3 of the Dungeon.
You visited 1 branch of the dungeon, and saw 3 of its levels.

You collected 125 gold pieces.

Inventory:

Hand Weapons
 a - a +1 dagger (weapon)
 n - a +4 club
Armour
 b - a +1 robe (worn)
 d - a +1 cloak (worn)
Jewellery
 h - a +6 ring of strength
Scrolls
 e - a scroll of teleportation
 f - a scroll of identify
Potions
 c - a potion of invisibility
 g - a potion of brilliance {unknown}
 i - a potion of lignification {unknown}
 j - 2 potions of magic {unknown}
 k - a potion of heal wounds {unknown}
 l - a potion of attraction {unknown}


   Skills:
 + Level 1.7 Fighting
 + Level 2.5 Short Blades
 - Level 2.6 Dodging
 + Level 5.7 Stealth
 + Level 3.3 Spellcasting
 + Level 4.5 Hexes
 + Level 1.1 Ice Magic


You had 5 spell levels left.
You knew the following spells:

 Your Spells              Type           Power      Damage    Failure   Level
a - Ensorcelled Hibernat  Hex/Ice        26%        N/A       8%          2
b - Confusing Touch       Hex            19%        N/A       8%          3

Your spell library contained the following spells:

 Spells                   Type           Power      Damage    Failure   Level
 Tukima's Dance           Hex            19%        N/A       8%          3
 Dazzling Flash           Conj/Hex       22%        N/A       19%         3
 Ozocubu's Armour         Ice            6%         N/A       30%         3
 Metabolic Englaciation   Hex/Ice        6%         N/A       80%         5
 Simulacrum               Ice/Necr       2%         N/A       100%        6


Dungeon Overview and Level Annotations

Branches:
Dungeon (3/15)

Altars:

Shops:
D:2 (


Innate Abilities, Weirdness & Mutations

You are very small and have problems with some larger weapons.
You are too small for most types of armour.
You have supernaturally acute eyesight. (SInv)
You cover ground extremely quickly. (Speed+++)


Message History

The water moccasin zombie closely misses you.
You hit the water moccasin zombie.
The water moccasin zombie is moderately damaged.
The water moccasin zombie bites you but does no damage.
You hit the water moccasin zombie.
The water moccasin zombie is moderately damaged.
The water moccasin zombie misses you.
You barely miss the water moccasin zombie.
The water moccasin zombie is moderately damaged.
The water moccasin zombie bites you.
* * * LOW HITPOINT WARNING * * *
You hit the water moccasin zombie.
The water moccasin zombie is moderately damaged.
The water moccasin zombie bites you but does no damage.
You hit the water moccasin zombie.
The water moccasin zombie is heavily damaged.
The water moccasin zombie barely misses you.
You hit the water moccasin zombie but do no damage.
The water moccasin zombie is heavily damaged.
The water moccasin zombie misses you.
You hit the water moccasin zombie.
The water moccasin zombie is heavily damaged.
The water moccasin zombie bites you but does no damage.
You hit the water moccasin zombie.
The water moccasin zombie is severely damaged.
The water moccasin zombie bites you but does no damage.
The water moccasin zombie bites you!
* * * LOW HITPOINT WARNING * * *
You hit the water moccasin zombie.
The water moccasin zombie is severely damaged.
You hit the water moccasin zombie.
The water moccasin zombie is severely damaged.
The water moccasin zombie bites you.
* * * LOW HITPOINT WARNING * * *
The water moccasin zombie bites you.
* * * LOW HITPOINT WARNING * * *
You hit the water moccasin zombie.
The water moccasin zombie is almost destroyed.
The water moccasin zombie bites you!
You die...

..# ## ..## # #. ...#.#.
###. #....... ...
...#....#.##...#
.#####.##.)...#.#.##...#
......))....#.#.#.##...#
#...............##...#
.#....@..#...#.#.##...#
.......Z......#.#.##...#
.######.#..†...........#
.Z................)..#
....#.###.###'######.#
.....#.....†.......##.#
......####.##..........
...... #.............
...... #..####.......


You could see a water moccasin zombie.

Vanquished Creatures
  An orc priest (D:3)
  Jessica (D:2)
  5 adders
  A worm (D:2)
  A dart slug (D:3)
  5 orcs (D:3)
  11 ball pythons
  4 endoplasms
  A giant cockroach (D:3)
  5 goblins
  2 hobgoblins (D:1)
  4 kobolds
  4 quokkas
  9 bats
  3 frilled lizards
  3 rats
60 creatures vanquished.

Notes
Turn   | Place    | Note
-------+----------+-------------------------------------------
     0 | D:1      | pkoi the Spriggan Enchanter began the quest for the Orb.
     0 | D:1      | Reached XP level 1. HP: 9/9 MP: 5/5
     6 | D:1      | Noticed a black bear
     6 | D:1      | Noticed a black mamba
     6 | D:1      | Noticed a wolf
     7 | D:1      | Noticed a redback
     7 | D:1      | Noticed a snapping turtle
   487 | D:1      | Reached XP level 2. HP: 9/13 MP: 6/6
  1402 | D:1      | Found a faded altar of an unknown god.
  1790 | D:2      | Reached XP level 3. HP: 16/17 MP: 8/8
  1874 | D:1      | Learned a level 2 spell: Ensorcelled Hibernation
  2072 | D:2      | Reached skill level 1 in Fighting
  2072 | D:2      | Reached skill level 5 in Stealth
  2346 | D:2      | Noticed Jessica
  2347 | D:2      | Found Lufig's Weapon Emporium.
  2355 | D:2      | Killed Jessica
  2356 | D:2      | Reached XP level 4. HP: 13/22 MP: 2/9
  3260 | D:3      | Noticed an ice beast
  3394 | D:3      | Learned a level 3 spell: Confusing Touch
  3876 | D:3      | Reached skill level 1 in Ice Magic
  4026 | D:3      | Reached XP level 5. HP: 22/25 MP: 10/10
  4077 | D:3      | Slain by a water moccasin zombie

Illustrated notes

Levels and vault maps discovered:
D:1:      onia_arrival_zoo_common, layout_basic,
          shapermc_ecumenical_altar_ellora
D:2:      layout_loops_ring, serial_shops, nicolae_shop_bloodbath_and_beyond,
          corner_web_ring, uniq_jessica
D:3:      minmay_octagon_keep, layout_basic, minmay_between

Skill      XL: |  1  2  3  4 |
---------------+-------------+-----
Spellcasting   | 3 |  3.3
Hexes          | 4 |  4.5
Fighting       | 1 |  1.7
Stealth        | 5 |  5.7
Short Blades   | 2 |  2.5
Ice Magic      | 1 |  1.1
Dodging        | |  2.6

Action                   |  1- 3 |  4- 6 || total
-------------------------+-------+-------++-------
Melee: Dagger            |    88 |   132 ||   220
 Cast: Ensorcelled Hiber |     5 |    18 ||    23
  Use: Scroll            |     5 |     4 ||     9
 Stab: Sleeping          |    11 |    12 ||    23
       Distracted        |     1 |       ||     1
Armor: Robe              |    17 |    30 ||    47
Dodge: Dodged            |    83 |   129 ||   212
